 Dungeon Crawl Stone Soup version 0.26-a0-952-g76694b35de (webtiles) character file.

Game seed: 294168778562391614

2489 dickylongcocking the Fighter (level 9, -7/97 HPs)
             Began as an Ogre Arcane Marksman on Nov 30, 2020.
             Was a Believer of Okawaru.
             Mangled by a wight
             ... wielding a cursed +2 mace
              (14 damage)
             ... on level 8 of the Dungeon.
             The game lasted 00:10:40 (11627 turns).

dickylongcocking the Fighter (OgAM)                Turns: 11627, Time: 00:10:41

Health: -7/97      AC:  6    Str: 16      XL:     9   Next: 52%
Magic:  18/20      EV: 12    Int: 16      God:    Okawaru [**....]
Gold:   478        SH:  0    Dex:  8 (12) Spells: 6/10 levels left

rFire    . . .     SeeInvis .   I - +2 flail (vorpal)
rCold    + . .     Faith    .   (no shield)
rNeg     . . .     Spirit   .   a - +0 robe
rPois    +         Reflect  .   (helmet restricted)
rElec    .         Harm     .   v - +2 cloak {rPois}
rCorr    .         Rampage  .   (gloves unavailable)
MR       .....                  (boots unavailable)
Stlth    ++........             z - amulet of the acrobat
HPRegen  0.26/turn              r - ring of wizardry
MPRegen  0.17/turn              M - ring of magical power

@: heroism, lightly drained
A: large, unfitting armour, horns 1, agile 1, cold resistance 1, tough skin 1
a: Heroism, Renounce Religion


You were on level 8 of the Dungeon.
You worshipped Okawaru.
Okawaru was pleased with you.
You visited 2 branches of the dungeon, and saw 9 of its levels.

You collected 478 gold pieces.

Inventory:

Hand Weapons
 i - a +0 short sword
 o - a +0 club
 u - a +3 mace
 E - a +2 vampiric whip
 I - a +2 vorpal flail (weapon)
 J - a +0 giant club
Missiles
 x - 9 boomerangs (quivered)
 G - 5 large rocks
 H - 49 poisoned darts
Armour
 a - a +0 robe (worn)
 b - a +2 tower shield
 v - a +2 cloak of poison resistance (worn)
Jewellery
 r - a ring of wizardry (left hand)
 t - an uncursed ring of ice
 w - an uncursed ring of stealth
 z - an amulet of the acrobat (around neck)
 L - an uncursed ring of poison resistance
 M - a ring of magical power (right hand)
 T - an uncursed ring of protection from magic {unknown}
Wands
 c - a wand of random effects (12)
 s - a wand of iceblast (4)
 B - a wand of disintegration (15)
 D - a wand of polymorph (20)
Scrolls
 e - 4 scrolls of remove curse
 f - 2 scrolls of enchant weapon {unknown}
 g - a scroll of blinking {unknown}
 j - 4 scrolls of teleportation
 k - 2 scrolls of fear
 m - 2 scrolls of enchant armour {unknown}
 y - 2 scrolls of random uselessness {unknown}
 A - a scroll of noise {unknown}
 C - a scroll of magic mapping {unknown}
 F - 3 scrolls of amnesia {unknown}
 K - a scroll of fog {unknown}
 S - a scroll of holy word
Potions
 d - a potion of flight
 h - 2 potions of invisibility
 l - 4 potions of mutation
 n - 2 potions of attraction {unknown}
 q - 2 potions of haste
 N - a potion of degeneration {unknown}
 O - a potion of might {unknown}
 P - a potion of ambrosia {unknown}
 Q - a potion of lignification {unknown}
 R - 2 potions of cancellation {unknown}


   Skills:
 * Level 8.5(12.9) Fighting
 - Level 0.3(4.8) Short Blades
 * Level 5.6(10.1) Maces & Flails
 * Level 6.9(11.4) Throwing
 - Level 2.1(6.6) Dodging
 - Level 0.2(4.7) Stealth
 - Level 1.3(0.9) Spellcasting
 - Level 5.1(4.7) Hexes
 * Level 1.4(1.0) Translocations


You had 6 spell levels left.
You knew the following spells:

 Your Spells              Type           Power        Failure   Level
a - Corona                Hex            ###....      1%          1
b - Portal Projectile     Hex/Tloc       #.....       9%          3

Your spell library contained the following spells:

 Spells                   Type           Power        Failure   Level
 Slow                     Hex            ###.....     1%          2
 Blink                    Tloc           N/A          9%          2
 Magic Dart               Conj           #...         10%         1
 Inner Flame              Hex/Fire       #.......     11%         3
 Cause Fear               Hex            ###.......   13%         4
 Call Imp                 Summ           #.......     14%         2
 Conjure Flame            Conj/Fire      #.......     26%         3
 Mephitic Cloud           Conj/Pois/Air  #.......     26%         3
 Leda's Liquefaction      Hex/Erth       #.........   32%         4


Dungeon Overview and Level Annotations

Branches:
Dungeon (8/15)             Temple (1/1) D:5
   Lair: D:8-11

Altars:
Ashenzari
Cheibriados
Dithmenos
Elyvilon
Fedhas
Gozag
Hepliaklqana
Kikubaaqudgha
Makhleb
Nemelex Xobeh
Okawaru
Qazlal
Ru
Sif Muna
Trog
Uskayaw
Vehumet
Wu Jian
Xom
Yredelemnul
Zin
The Shining One

Shops:
D:4 [


Innate Abilities, Weirdness & Mutations

You are too large for most types of armour.
You have tough skin. (AC +1)
You have a pair of small horns on your head.
You are agile. (Dex +2)
Your flesh is cold resistant. (rC+)


Message History

Unknown command.
Unknown command.
You barely miss the wight.
The wight is almost destroyed.
Something hits you but does no damage. x2
The wight hits you with a cursed +2 mace.
* * * LOW HITPOINT WARNING * * *
Unknown command.
Unknown command.
You completely miss the wight.
The wight is almost destroyed.
Something barely misses you.
Unknown command.
Unknown command.
Unknown command.
Unknown command.
You hit the wight but do no damage.
The wight is almost destroyed.
The wight hits you with a cursed +2 mace!
You die...

.# ####.# #....# ###....##
########.......#
#..............##
#.######........#
##.######....z..#####
#......##.#..@.......
#†.###.##.####..##### #
#...##.##.####..# .#
#...##.##.......# ###.
###...##.######[..## #..
#........# ##.....## #.#
#.#.#[.#.# ##.......## ##.##
#.#......###.........####...####
# ##.......'.........'..........


You could see a wight.

Vanquished Creatures
  Edmund (D:5)
  2 ice beasts
  2 orc warriors (D:8)
  A phantom (D:3)
  4 ogres
  A centaur (D:6)
  5 bullfrogs
  A wight (D:8)
  3 howler monkeys (D:6)
  A quasit (D:8)
  A centaur skeleton (D:7)
  4 hounds
  4 orc priests
  A gnoll shaman (D:7)
  Crazy Yiuf (D:3)
  6 orc wizards
  A bullfrog skeleton (D:4)
  An iguana (D:3)
  4 worker ants
  A howler monkey zombie (D:7)
  A worker ant zombie (D:7)
  9 gnolls
  2 howler monkey skeletons (D:6)
  5 adders
  A shadow imp (D:8)
  A white imp (D:8)
  2 oozes
  An adder skeleton (D:8)
  6 worms
  A dart slug (D:5)
  A leopard gecko (D:2)
  40 orcs
  6 bats
  3 giant cockroaches
  6 goblins
  A hobgoblin (D:3)
  A jackal (D:5)
  6 kobolds
  4 quokkas
  A ball python (D:1)
  6 frilled lizards
  A leopard gecko skeleton (D:6)
  A leopard gecko zombie (D:5)
  A quokka skeleton (D:4)
  6 rats
158 creatures vanquished.

Vanquished Creatures (others)
  13 plants (D:2)
13 creatures vanquished.

Grand Total: 171 creatures vanquished

Notes
Turn   | Place    | Note
-------+----------+-------------------------------------------
     0 | D:1      | dickylongcocking the Ogre Arcane Marksman began the quest
                  | for the Orb.
     0 | D:1      | Reached XP level 1. HP: 19/19 MP: 2/2
   708 | D:1      | Reached XP level 2. HP: 21/27 MP: 3/3
  1348 | D:2      | Reached XP level 3. HP: 28/33 MP: 2/5
  2086 | D:2      | Reached skill level 2 in Fighting
  2635 | D:3      | Reached XP level 4. HP: 42/42 MP: 6/6
  3509 | D:3      | Found a runed translucent door.
  3510 | D:3      | Noticed Crazy Yiuf
  3516 | D:3      | Killed Crazy Yiuf
  3889 | D:3      | Reached skill level 1 in Maces & Flails
  4084 | D:4      | Found Ilufe's Armour Shoppe.
  4119 | D:4      | Noticed a phantom
  4119 | D:4      | Noticed a bullfrog
  4672 | D:3      | Gained mutation: You are agile. (Dex +2) [potion of
                  | mutation]
  4672 | D:3      | Gained mutation: Your flesh is cold resistant. (rC+)
                  | [potion of mutation]
  4672 | D:3      | Gained mutation: You have a pair of small horns on your
                  | head. [potion of mutation]
  4682 | D:3      | Reached XP level 5. HP: 31/52 MP: 5/7
  4694 | D:3      | Killed a phantom
  4695 | D:3      | Reached skill level 3 in Fighting
  4884 | D:4      | Reached XP level 6. HP: 39/62 MP: 8/8
  5148 | D:4      | Reached skill level 4 in Fighting
  5476 | D:4      | Reached XP level 7. HP: 25/71 MP: 9/9
  5949 | D:5      | Entered Level 5 of the Dungeon
  5990 | D:5      | Noticed Edmund
  6003 | D:5      | Killed Edmund
  6004 | D:5      | Reached skill level 5 in Fighting
  6686 | D:5      | Found a staircase to the Ecumenical Temple.
  6710 | Temple   | Entered the Ecumenical Temple
  6826 | Temple   | Became a worshipper of Warmaster Okawaru
  6983 | D:5      | Found a shimmering altar of Xom.
  7078 | D:5      | Found a broken altar of Ashenzari.
  7082 | D:5      | Found an ornate altar of the Wu Jian Council.
  7082 | D:5      | Found an ancient bone altar of Kikubaaqudgha.
  7084 | D:5      | Found a stormy altar of Qazlal.
  7084 | D:5      | Found a radiant altar of Vehumet.
  7193 | D:5      | Reached skill level 5 in Throwing
  7193 | D:5      | Reached XP level 8. HP: 54/83 MP: 10/10
  8078 | D:6      | Reached skill level 6 in Fighting
  8103 | D:6      | Reached * piety under Okawaru
  8789 | D:7      | Reached skill level 7 in Fighting
  8899 | D:7      | Found an opulent altar of Gozag.
  9029 | D:7      | Found a basalt altar of Yredelemnul.
  9234 | D:6      | Reached ** piety under Okawaru
  9517 | D:7      | Reached XP level 9. HP: 63/93 MP: 11/11
 10039 | D:7      | Found a shadowy altar of Dithmenos.
 10101 | D:7      | Learned a level 3 spell: Portal Projectile
 10194 | D:8      | Reached skill level 5 in Maces & Flails
 10194 | D:8      | Reached skill level 5 in Hexes
 10709 | D:8      | Reached skill level 8 in Fighting
 11502 | D:8      | Reached skill level 1 in Translocations
 11627 | D:8      | Mangled by a wight

Illustrated notes

Levels and vault maps discovered:
D:1:      dpeg_arrival_arbitrary_b, layout_basic, minmay_tromino_v4_b
D:2:      minmay_wonky_spiral, layout_loops_ring, lexackson_kobold_supper
D:3:      layout_basic, serial_co_window_serial, co_window_paths_a,
          co_window_paths_a, co_window_of_opportunity_a, co_window_paths_a,
          co_window_paths_a, co_window_2corner, co_window_corner_b,
          co_window_broadway_c, co_window_sun, glass_columns_b, glass_columns_b,
          glass_columns_a, uniq_crazy_yiuf_cottage
D:4:      layout_gridville, serial_shops, shop
D:5:      layout_layer_cave, grunt_temple_overflow_open, temple_green,
          serial_park_tiny_1, tgw_xom, uniq_edmund
D:6:      layout_gridville
D:7:      layout_cave_pools, nicolae_dithmenos_through_a_glass_darkly,
          nicolae_gozag_cash_rules_everything_around_me,
          yredelemnul_altar_generic
D:8:      layout_loops_corners, special_room [special_room_orc], uniq_gastronok
Temple:   regret_index_temple_waves

Skill      XL: |  1  2  3  4  5  6  7  8  9 |
---------------+----------------------------+-----
Hexes          | 3 4 5 |  5.1
Dodging        | 2 |  2.1
Fighting       | 2 3 4 5 7 8 |  8.5
Throwing       | 3 4 5 6 |  6.9
Maces & Flails | 1 2 3 4 5 |  5.6
Translocations | 1 |  1.4
Short Blades   | |  0.3
Stealth        | |  0.2
Spellcasting   | |  1.3

Action                   |  1- 3 |  4- 6 |  7- 9 || total
-------------------------+-------+-------+-------++-------
Melee: Unarmed           |    12 |       |       ||    12
       Short sword       |    39 |       |       ||    39
       Club              |    58 |    49 |       ||   107
       Mace              |       |    81 |       ||    81
       Headbutt          |       |     9 |    49 ||    58
       Flail             |       |       |   274 ||   274
       Whip              |       |       |    18 ||    18
       Giant club        |       |       |     1 ||     1
Throw: Large rock        |    27 |    21 |    22 ||    70
       Throwing net      |     3 |       |       ||     3
       Boomerang         |       |    11 |    29 ||    40
 Cast: Corona            |    12 |    14 |     3 ||    29
       Portal Projectile |       |       |     7 ||     7
Invok: Heroism           |       |       |     2 ||     2
Evoke: Wand              |       |     3 |     2 ||     5
  Use: Potion            |       |     4 |     8 ||    12
       Scroll            |       |       |    10 ||    10
 Stab: Held in net/web   |     1 |       |       ||     1
       Sleeping          |     1 |       |     7 ||     8
       Distracted        |       |       |     1 ||     1
Armor: Robe              |    53 |    68 |   144 ||   265
Dodge: Dodged            |    99 |    99 |   287 ||   485

Table legend: (Time is in decaauts)
 A = Elapsed time spent in this place.
 B = Non-inter-level travel time spent in this place.
 C = Inter-level travel time spent in this place.
 D = Time resting spent in this place.
 E = Time spent auto-exploring this place.
 F = Levels seen in this place.
 G = Mean time per level.
                   A        B        C        D        E       F      G
               +--------+--------+--------+--------+--------+-----+--------+
         Total |  11774 |  11568 |    206 |   2408 |   7443 |   9 | 1308.2 |
       Dungeon |  11631 |  11451 |    180 |   2408 |   7352 |   8 | 1453.9 |
        Temple |    143 |    117 |     26 |      0 |     91 |   1 |  143.0 |
               +--------+--------+--------+--------+--------+-----+--------+

Top non-repeatable levels by time:
     D:3: 2152 daAuts
     D:5: 1806 daAuts
     D:6: 1535 daAuts
     D:2: 1490 daAuts
     D:4: 1237 daAuts
     D:8: 1225 daAuts
     D:1: 1174 daAuts
     D:7: 1009 daAuts
  Temple: 143 daAuts
